 Dungeon Crawl Stone Soup version 0.17-a0-1460-g8163d8a (webtiles) character file.

2897 Geeful the Charmwright (level 9, -6/54 HPs)
             Began as a Gargoyle Gladiator on June 30, 2015.
             Was a Priest of Okawaru.
             Mangled by a killer bee (7 damage)
             ... on level 8 of the Dungeon.
             The game lasted 00:36:02 (9098 turns).

Geeful the Charmwright (Gargoyle Gladiator)         Turns: 9098, Time: 00:36:02

Health: -6/54      AC: 12    Str: 20      XL:     9   Next: 77%
Magic:  12/12      EV: 13    Int:  9      God:    Okawaru [***...]
Gold:   369        SH:  0    Dex: 11 (12) Spells: 1 memorised, 6 levels left

rFire  . . .     SeeInvis .     a - +1 quarterstaff
rCold  . . .     Clarity  .     l - +1 leather armour
rNeg   + . .     SustAt   .     (no shield)
rPois  ∞         Gourm    .     c - +0 helmet
rElec  +         Spirit   .     (no cloak)
rCorr  .         Warding  .     s - +0 pair of gloves
rMut   .         Stasis   .     (no boots)
MR     .....                    (no amulet)
Stlth  +.........               (no ring)
                                (no ring)

@: slowed, very slow, not resistant to hostile enchantments, very unstealthy
A: negative energy resistance 1, electricity resistance, unbreathing,
petrification resistance, rot immunity, AC +5
a: Heroism, Renounce Religion


You were on level 8 of the Dungeon.
You worshipped Okawaru.
Okawaru was most pleased with you.
You were not hungry.

You visited 2 branches of the dungeon, and saw 10 of its levels.

You collected 369 gold pieces.

Inventory:

Hand weapons
 a - a +1 quarterstaff (weapon)
Missiles
 d - a throwing net
 h - 47 poisoned needles
 o - 2 tomahawks of returning (quivered)
Armour
 c - a +0 helmet (worn)
 l - a +1 leather armour (worn)
 q - a +0 fire dragon armour
 s - a +0 pair of gloves (worn)
Magical devices
 n - a wand of fireball (4)
 p - a wand of polymorph (5)
 y - a wand of slowing (29)
Scrolls
 b - 3 scrolls of remove curse
 i - a scroll of enchant armour
 k - a scroll of amnesia
 m - 2 scrolls of identify
 v - a scroll of recharging
Potions
 f - a potion of brilliance
 j - 3 potions of curing
 t - 2 potions of haste
Comestibles
 e - 4 bread rations
 g - a meat ration
 r - 2 chunks of flesh
 z - 3 beef jerkies


   Skills:
 - Level 5.2 Fighting
 - Level 5.1 Staves
 - Level 4.5 Throwing
 - Level 4.1 Armour
 - Level 3.8 Dodging
 - Level 7.6 Charms
 + Level 4.5 Invocations


You had 6 spell levels left.
You knew the following spells:

 Your Spells              Type           Power        Failure   Level  Hunger
a - Repel Missiles        Chrm/Air       #.....       17%         2    ###....


Dungeon Overview and Level Annotations

Branches:
Dungeon (9/15)             Temple (1/1) D:5
   Lair: D:8-11         Orc: D:9-12

Altars:
Dithmenos
Elyvilon
Fedhas
Gozag
Kikubaaqudgha
Nemelex Xobeh
Okawaru
Ru
Sif Muna
Xom
Yredelemnul
Zin
The Shining One

Shops:
D:5 :

Annotations:
D:8 Gastronok, Psyche


Innate Abilities, Weirdness & Mutations

You are resistant to torment.
Your stone body is resilient (AC +5).
You are immune to poison.
You resist negative energy.
You are resistant to electric shocks.
You can survive without breathing.
You are immune to petrification.
You are immune to rotting.


Message History

You can move again.
You climb upwards.
Level annotation: Gastronok, Psyche
There is a stone staircase leading down here.
Something barely misses you. The adder bites you but does no damage.
The killer bee closely misses you. Something hits you.
* * * LOW HITPOINT WARNING * * *
The adder closely misses you. The killer bee closely misses you.
The killer bee stings you.
* * * LOW HITPOINT WARNING * * *
Something hits you but does no damage.
The killer bee stings you but does no damage.
You hear some strange, mumbled words.
A puff of frost appears from out of thin air!
The puff of frost hits you!
* * * LOW HITPOINT WARNING * * *
The killer bee closely misses you. The killer bee stings you.
* * * LOW HITPOINT WARNING * * *
Something hits you but does no damage. The killer bee stings you!
You die...

..............##+####.....
..............'...'.+.....
..............#..##'#.....
##+#...#+##†##..##.#.....
+...+..†........'.....
###+#...#############.....
..........#########.>..#+#
..........#.#.....#....#
.......Sy@'.'.....#....#
........y.#.#.....+....+
..........#+##.####....#
####+#...... #'##...#+##
+.......+..'...+
#.......####...#+#
..#+##........##.## ...
+........'...+
#........#'###'#


You could see 2 killer bees and an adder.

Vanquished Creatures
  The ghost of megapuddi the Digger, an average FoEE of Makhleb (D:4)
  Sigmund (D:5)
  A hippogriff (D:7)
  2 hungry ghosts
  Duvessa (D:5)
  A water moccasin (D:7)
  An orc warrior (D:6)
  A centaur (D:6)
  2 ogres
  3 giant frogs
  Blork the orc (D:5)
  Dowan (D:5)
  A scorpion (D:7)
  7 killer bees (D:8)
  2 jellies (D:6)
  4 wights (D:7)
  4 electric eels (D:7)
  3 crimson imps
  3 hounds
  A giant frog skeleton (D:6)
  A quasit (D:8)
  An iguana (D:6)
  3 worker ants
  Robin (D:4)
  3 river rats (D:3)
  2 shadow imps
  9 adders
  An adder zombie (D:5)
  2 worms
  4 giant geckos
  3 orcs
  11 bats
  A bat skeleton (D:4)
  A bat zombie (D:7)
  18 goblins
  18 hobgoblins
  10 jackals
  3 quokkas
  3 ball pythons
  6 giant cockroaches
  A giant gecko skeleton (D:7)
  A jackal zombie (D:6)
  18 kobolds
  A quokka skeleton (D:4)
  A quokka zombie (D:8)
  22 rats
186 creatures vanquished.

Notes
Turn   | Place    | Note
--------------------------------------------------------------
     0 | D:1      | Geeful the Gargoyle Gladiator began the quest for the Orb.
     0 | D:1      | Reached XP level 1. HP: 12/12 MP: 1/1
   166 | D:1      | Reached XP level 2. HP: 15/18 MP: 2/2
   398 | D:1      | Reached skill level 1 in Armour
   545 | D:1      | Reached XP level 3. HP: 22/22 MP: 3/3
  1225 | D:2      | Reached XP level 4. HP: 22/27 MP: 4/4
  1231 | D:2      | Found an opulent altar of Gozag.
  1675 | D:3      | Found a shimmering altar of Xom.
  2244 | D:3      | Reached XP level 5. HP: 30/32 MP: 5/5
  2940 | D:4      | Noticed megapuddi's ghost (average FoEE)
  3077 | D:4      | Killed megapuddi's ghost
  3077 | D:4      | Reached skill level 4 in Staves
  3077 | D:4      | Reached XP level 6. HP: 11/38 MP: 6/6
  3447 | D:4      | Noticed Robin
  3463 | D:4      | Killed Robin
  3536 | D:4      | Reached XP level 7. HP: 33/43 MP: 7/7
  3776 | D:4      | Learned a level 2 spell: Repel Missiles
  4271 | D:5      | Entered Level 5 of the Dungeon
  4325 | D:5      | Found a staircase to the Ecumenical Temple.
  4345 | Temple   | Entered the Ecumenical Temple
  4425 | Temple   | Became a worshipper of Warmaster Okawaru
  4503 | D:5      | Noticed Duvessa
  4504 | D:5      | Noticed Dowan
  4537 | D:5      | Killed Duvessa
  4827 | D:5      | Killed Dowan
  4860 | D:5      | Found Qahylub's Book Boutique.
  4884 | D:5      | Noticed Sigmund
  4892 | D:5      | Killed Sigmund
  4892 | D:5      | Reached skill level 5 in Fighting
  4892 | D:5      | Reached skill level 5 in Staves
  4921 | D:5      | Noticed Blork the orc
  4930 | D:5      | Killed Blork the orc
  4930 | D:5      | Reached XP level 8. HP: 44/49 MP: 8/8
  5640 | D:6      | Acquired Okawaru's first power
  5640 | D:6      | Reached skill level 1 in Charms
  6421 | D:6      | Found a glowing silver altar of Zin.
  6421 | D:6      | Found a glowing golden altar of the Shining One.
  6421 | D:6      | Found a white marble altar of Elyvilon.
  6434 | D:6      | Found a sacrificial altar of Ru.
  6524 | D:6      | Found a shadowy altar of Dithmenos.
  6830 | D:7      | Found a blossoming altar of Fedhas.
  7003 | D:7      | Reached skill level 5 in Charms
  7079 | D:7      | Reached XP level 9. HP: 40/54 MP: 9/9
  7108 | D:7      | Reached skill level 6 in Charms
  7576 | D:7      | Reached skill level 7 in Charms
  8342 | D:8      | Noticed Gastronok
  8672 | D:8      | Reached skill level 1 in Invocations
  9075 | D:8      | Noticed Psyche
  9093 | D:9      | Paralysed by something for 3 turns
  9098 | D:8      | HP: 1/54 [killer bee (3)]
  9098 | D:8      | Mangled by a killer bee

Vault maps used:
D:1:      dpeg_arrival_erosion, serial_glass, glass_columns_b, glass_columns_a,
          feat_on_display
D:2:      nicolae_gozag_cash_rules_everything_around_me
D:3:      wad_pebble_path, nicolae_overflow_hidden_temple,
          gup_sewer_entry_spiral
D:4:      first_bread, uniq_robin
D:5:      minmay_temple_entry_grid, serial_shops, shop_statue, uniq_duvessa,
          uniq_blork_the_orc, uniq_sigmund
D:6:      good_gods_mini_temple, gammafunk_temple_overflow_statue, minivault_19
D:7:      wad_lake_hut, lemuel_doored_altar
D:8:      uniq_psyche, uniq_gastronok
D:9:      cheibrodos_worm_habitat, david_lair_shrubbed, orc_0_dummy, uniq_erica,
          uniq_joseph, uniq_pikel
Temple:   chambers_temple_10

Action                   |  1- 3 |  4- 6 |  7- 9 || total
-------------------------+-------+-------+-------++-------
Melee: Quarterstaff      |   146 |   222 |   534 ||   902
       Unarmed           |       |       |     2 ||     2
Throw: Throwing net      |       |     4 |     5 ||     9
       Tomahawk          |       |       |    22 ||    22
 Cast: Repel Missiles    |       |       |     1 ||     1
Invok: Heroism           |       |       |     3 ||     3
Evoke: Wand              |       |       |     4 ||     4
  Use: Scroll            |     5 |     4 |     6 ||    15
       Potion            |     3 |     5 |     4 ||    12
 Stab: Held in net/web   |       |     1 |     1 ||     2
  Eat: Chunk             |     1 |     6 |    19 ||    26
       Royal jelly       |       |     1 |     1 ||     2
       Pizza             |       |       |     1 ||     1
